 Dungeon Crawl Stone Soup version 0.29-a0-993-g4a18f31a58 (webtiles) character file.

Game seed: 303100234225010975

184 gelatine the Conjurer (level 5, 0/36 HPs)
             Began as a Demonspawn Conjurer on Aug 3, 2022.
             Was a Follower of Vehumet.
             Slain by Robin
             ... wielding a +0 club
              (2 damage)
             ... on level 4 of the Dungeon.
             The game lasted 00:10:28 (3535 turns).

gelatine the Conjurer (Demonspawn Conjurer)         Turns: 3535, Time: 00:10:29

Health: 0/36       AC:  7    Str:  8    XL:     5   Next: 36%
Magic:  7/9        EV: 12    Int: 25    God:    Vehumet [*.....]
Gold:   158        SH:  0    Dex: 11    Spells: 6/9 levels left

rFire   . . .      SeeInvis .   t - +1 whip (vamp)
rCold   . . .      Faith    .   (no shield)
rNeg    . . .      Spirit   .   a - +2 robe
rPois   .          Reflect  .   (helmet restricted)
rElec   .          Harm     .   (no cloak)
rCorr   .          Rampage  .   (no gloves)
Will    +....                   g - +2 pair of boots
Stlth   ++........              e - amulet of magic regeneration
HPRegen 0.12/turn               i - ring of willpower
MPRegen 0.51/turn               (no ring)

@: no status effects
A: horns 2, big brain 2
a: Renounce Religion


You were on level 4 of the Dungeon.
You worshipped Vehumet.
Vehumet was aware of your devotion.
You visited 1 branch of the dungeon, and saw 4 of its levels.

You collected 158 gold pieces.

Inventory:

Hand Weapons
 t - a +1 vampiric whip (weapon)
Armour
 a - a +2 robe (worn)
 g - a +2 pair of boots (worn)
 m - a +0 pair of boots of rampaging
Magical Staves
 k - a staff of air
Jewellery
 e - an amulet of magic regeneration (around neck)
 i - a ring of willpower (left hand)
Wands
 r - a wand of polymorph (6)
Scrolls
 d - 2 scrolls of teleportation
 h - 2 scrolls of vulnerability
 l - a scroll of identify
Potions
 b - a potion of magic
 c - a potion of heal wounds
 f - 4 potions of curing {unknown}
 j - 2 potions of cancellation {unknown}
 p - a potion of resistance
 q - a potion of ambrosia {unknown}


   Skills:
 + Level 0.4 Fighting
 + Level 2.7 Dodging
 + Level 2.1 Stealth
 + Level 2.7 Spellcasting
 + Level 5.1 Conjurations
 + Level 1.3 Air Magic
 + Level 1.1 Evocations


You had 6 spell levels left.
You knew the following spells:

 Your Spells              Type           Power      Damage    Failure   Level
a - Magic Dart            Conj           100%       1d8       1%          1
b - Searing Ray           Conj           58%        2d6       1%          2

Your spell library contained the following spells:

 Spells                   Type           Power      Damage    Failure   Level
 Sandblast                Erth           6%         2d5       11%         1
 Apportation              Tloc           6%         N/A       11%         1
 Dazzling Flash           Conj/Hex       32%        N/A       11%         3
 Gell's Gravitas          Tloc           3%         N/A       30%         3
 Ozocubu's Armour         Ice            3%         N/A       30%         3
 Teleport Other           Tloc           3%         N/A       30%         3
 Fulminant Prism          Conj/Hex       8%         3d7       36%         4
 Iskenderun's Mystic Bla  Conj/Tloc      16%        2d5       36%         4
 Alistair's Intoxication  Tmut/Pois      2%         N/A       96%         5
 Metabolic Englaciation   Hex/Ice        1%         N/A       96%         5
 Summon Forest            Summ/Tloc      1%         N/A       96%         5
 Summon Mana Viper        Hex/Summ       3%         N/A       96%         5
 Dispersal                Tloc           1%         N/A       100%        6
 Simulacrum               Ice/Necr       1%         N/A       100%        6
 Summon Cactus Giant      Summ           1%         N/A       100%        6


Dungeon Overview and Level Annotations

Branches:
Dungeon (4/15)
 Temple: D:4-7

Altars:
Vehumet

Annotations:
D:4 Robin


Innate Abilities, Weirdness & Mutations

You have a pair of horns on your head.
You have an extremely huge brain. (Int +4)


Message History

You barely miss the goblin. Your headbutt misses the goblin.
The goblin misses you. The goblin barely misses you.
You barely miss the goblin. Your headbutt misses the goblin.
The goblin hits you with a +0 club. The goblin barely misses you.
The goblin hits you but does no damage. Robin hits you with a +0 club.
The goblin hits you but does no damage.
You hit the goblin.
You kill the goblin!
Vehumet accepts your kill. The goblin completely misses you.
Robin zaps a wand.
The puff of flame hits you.
You barely miss the goblin. The goblin hits you with a +0 dagger.
Robin hits you with a +0 club.
You closely miss the goblin. You headbutt the goblin.
You kill the goblin!
Vehumet accepts your kill. Robin hits you but does no damage.
You closely miss Robin. You headbutt Robin!
Robin is heavily wounded.
Robin completely misses you.
You hit Robin but do no damage.
Robin is heavily wounded.
Robin zaps a wand.
The puff of flame misses you.
You hit Robin but do no damage. Your headbutt misses Robin.
Robin is heavily wounded.
Robin zaps a wand.
The puff of flame hits you!
Casting: Searing Ray (safe; 1% risk of failure)
Confirm with . or Enter, or press ? or * to list all spells.
Aiming: Searing Ray (safe; 1% risk of failure)
Press: ? - help, Shift-Dir - straight line, f - Robin
Aim: Robin, wielding a +0 club, wearing a +0 animal skin, wearing a +0 helmet and carrying a wand of flame (20) (heavily wounded, 85% to hit)
The searing ray hits Robin.
Robin is severely wounded. (Press . to maintain the ray.) Robin zaps a wand.
The puff of flame hits you!
* * * LOW HITPOINT WARNING * * *
The searing ray hits Robin.
Robin is almost dead.
Robin hits you with a +0 club.
You die...

..#........#
#..........#
#....##....##
...####...).#
..#
#...#..... ..
##.##.....
... #.# .###.
#...##)#
#....>@#
####.g)#
#..)) ###...
#.... ......
.#.#.## .
...:


You could see Robin.

Vanquished Creatures
  3 gnolls (D:3)
  6 adders
  2 worms
  A dart slug (D:3)
  6 orcs
  5 endoplasms
  4 giant cockroaches
  15 goblins
  9 hobgoblins
  5 jackals (D:1)
  5 kobolds
  4 quokkas
  5 ball pythons
  5 bats
  3 frilled lizards
  3 rats
81 creatures vanquished.

Notes
Turn   | Place    | Note
-------+----------+-------------------------------------------
     0 | D:1      | gelatine the Demonspawn Conjurer began the quest for the
                  | Orb.
     0 | D:1      | Reached XP level 1. HP: 13/13 MP: 3/3
   250 | D:1      | Gained mutation: You have an unusually large brain. (Int
                  | +2) [demonic ancestry]
   250 | D:1      | Reached XP level 2. HP: 19/19 MP: 0/5
   680 | D:1      | Found a faded altar of an unknown god.
  1280 | D:1      | Gained mutation: You have a pair of small horns on your
                  | head. [demonic ancestry]
  1280 | D:1      | Reached XP level 3. HP: 24/24 MP: 4/6
  1324 | D:1      | Learned a level 2 spell: Searing Ray
  1707 | D:2      | Gained mutation: You have an extremely huge brain. (Int +4)
                  | [demonic ancestry]
  1707 | D:2      | Reached XP level 4. HP: 15/30 MP: 7/7
  2547 | D:3      | Reached skill level 5 in Conjurations
  2595 | D:3      | Found a radiant altar of Vehumet.
  2603 | D:3      | Became a worshipper of Vehumet
  2785 | D:3      | Reached skill level 1 in Evocations
  2835 | D:3      | Reached skill level 1 in Air Magic
  2838 | D:3      | Gained mutation: You have a pair of horns on your head.
                  | [demonic ancestry]
  2838 | D:3      | Reached XP level 5. HP: 35/35 MP: 2/8
  3522 | D:4      | Noticed Robin
  3524 | D:4      | Reached * piety under Vehumet
  3524 | D:4      | Offered knowledge of Sandblast by Vehumet.
  3535 | D:4      | Slain by Robin

Illustrated notes

Levels and vault maps discovered:
D:1:      dpeg_arrival_subterranean_lakeside_camping, layout_basic,
          hellmonk_ecumenical_altar_lost_god, serial_glass, glass_columns_a,
          glass_columns_c, glass_columns_b, glass_columns_b, glass_columns_a,
          minmay_strange_pillars, item_on_display_a, feat_on_display,
          amcnicky_mini_rare_corridor_liquid
D:2:      minmay_general_purpose_star, layout_loops_ring, grunt_ministairs_11,
          minmay_pentomino_w2
D:3:      layout_basic, vehumet_crystals, interstate_on_off
D:4:      minmay_opposing_rooms, layout_cave_pools, uniq_robin, uniq_natasha,
          uniq_eustachio, uniq_ijyb

Skill      XL: |  1  2  3  4 |
---------------+-------------+-----
Dodging        | 2 |  2.7
Stealth        | 2 |  2.1
Conjurations   | 5 |  5.1
Evocations     | 1 |  1.1
Air Magic      | 1 |  1.3
Fighting       | |  0.4
Spellcasting   | |  2.7

Action                   |  1- 3 |  4- 6 || total
-------------------------+-------+-------++-------
Melee: Club              |    23 |       ||    23
       Staff             |    21 |     9 ||    30
       Headbutt          |     2 |     3 ||     5
       Whip              |       |    16 ||    16
 Cast: Magic Dart        |    58 |    84 ||   142
       Searing Ray       |     2 |     4 ||     6
  Use: Scroll            |     1 |     8 ||     9
Armor: Robe              |    18 |    13 ||    31
Dodge: Dodged            |    40 |    17 ||    57

Table legend: (Time is in decaauts)
 A = Elapsed time spent in this place.
 B = Non-inter-level travel time spent in this place.
 C = Inter-level travel time spent in this place.
 D = Time resting spent in this place.
 E = Time spent auto-exploring this place.
 F = Levels seen in this place.
 G = Mean time per level.
                   A        B        C        D        E       F      G
               +--------+--------+--------+--------+--------+-----+--------+
         Total |   3547 |   3398 |    149 |    289 |   2611 |   4 |  886.8 |
       Dungeon |   3547 |   3398 |    149 |    289 |   2611 |   4 |  886.8 |
               +--------+--------+--------+--------+--------+-----+--------+

Top non-repeatable levels by time:
     D:1: 1331 daAuts
     D:2: 1129 daAuts
     D:3: 996 daAuts
     D:4: 91 daAuts
